 Dungeon Crawl Stone Soup version 0.29-a0-352-g0917bc69df (webtiles) character file.

Game seed: 14310218721868351328

188 Hubjo the Firebug (level 5, -1/30 HPs)
             Began as a Deep Elf Fire Elementalist on Apr 24, 2022.
             Was a Priest of Elyvilon.
             Slain by a yak (17 damage)
             ... on level 4 of the Dungeon.
             The game lasted 00:08:09 (4937 turns).

Hubjo the Firebug (Deep Elf Fire Elementalist)      Turns: 4937, Time: 00:08:10

Health: -1/30      AC:  3    Str:  5    XL:     5   Next: 39%
Magic:  3/13       EV: 17    Int: 20    God:    Elyvilon [***...]
Gold:   189        SH:  0    Dex: 23    Spells: 7/12 levels left

rFire   . . .      SeeInvis .   d - +0 short sword
rCold   . . .      Faith    .   (no shield)
rNeg    . . .      Spirit   .   a - +0 robe
rPois   .          Reflect  .   (no helmet)
rElec   .          Harm     .   (no cloak)
rCorr   .          Rampage  .   (no gloves)
Will    .....                   k - +0 pair of boots
Stlth   +++.......              (no amulet)
HPRegen 0.10/turn               q - +4 ring of evasion
MPRegen 0.13/turn               h - +6 ring of dexterity

@: no status effects
A: no striking features
a: Renounce Religion, Purification, Heal Other, Heal Self


You were on level 4 of the Dungeon.
You worshipped Elyvilon.
Elyvilon was most pleased with you.
You visited 1 branch of the dungeon, and saw 4 of its levels.

You collected 189 gold pieces.

Inventory:

Hand Weapons
 d - a +0 short sword (weapon)
Armour
 a - a +0 robe (worn)
 k - a +0 pair of boots (worn)
Jewellery
 b - a ring of willpower
 h - a +6 ring of dexterity (right hand)
 q - a +4 ring of evasion (left hand)
Scrolls
 c - a scroll of blinking
 e - a scroll of fear {unknown}
 f - 3 scrolls of vulnerability
 i - a scroll of fog {unknown}
 l - a scroll of holy word
 m - a scroll of noise {unknown}
 o - a scroll of immolation {unknown}
 p - 2 scrolls of teleportation
 r - a scroll of enchant armour {unknown}
 t - a scroll of identify
 u - a scroll of amnesia {unknown}
Potions
 g - 2 potions of might {unknown}
 j - a potion of heal wounds {unknown}
 n - 2 potions of resistance {unknown}
 s - 3 potions of lignification {unknown}
 v - a potion of flight {unknown}


   Skills:
 + Level 2.1 Fighting
 - Level 2.7 Dodging
 + Level 3.9 Stealth
 + Level 4.3 Spellcasting
 - Level 1.4 Conjurations
 * Level 4.3 Fire Magic


You had 7 spell levels left.
You knew the following spells:

 Your Spells              Type           Power      Damage    Failure   Level
a - Foxfire               Conj/Fire      60%        2x1d7     3%          1
b - Flame Wave            Conj/Fire      15%        2d6       36%         4

Your spell library contained the following spells:

 Spells                   Type           Power      Damage    Failure   Level
 Scorch                   Fire           42%        2d7       3%          2
 Conjure Flame            Conj/Fire      15%        6-21      12%         3
 Static Discharge         Conj/Air       7%         N/A       14%         2
 Inner Flame              Hex/Fire       12%        N/A       16%         3
 Sticky Flame             Conj/Fire      15%        2d4       36%         4
 Dispel Undead            Necr           4%         3d7       77%         4


Dungeon Overview and Level Annotations

Branches:
Dungeon (4/15)
 Temple: D:4-7

Altars:
Elyvilon
Qazlal


Message History

You conjure some foxfire!
The foxfire hits the orc.
The orc is heavily wounded.
The foxfire hits the orc.
You kill the orc!
You conjure some foxfire!
The foxfire hits the ball python.
You kill the ball python!
You conjure some foxfire!
A yak comes into view.
The foxfire hits the yak but does no damage.
You are too depleted to draw on your mana recklessly!
You are too depleted to draw on your mana recklessly!
You are too depleted to draw on your mana recklessly!
You are too depleted to draw on your mana recklessly!
The foxfire hits the yak.
The yak is lightly wounded.
The foxfire hits the yak but does no damage.
The yak is lightly wounded.
The foxfire hits the yak.
The yak is lightly wounded.
You see here a hobgoblin corpse.
Okay, then.
There is an open door here.
Press: ? - help, Dir - move target, f - yak Heal: a yak (lightly wounded, uninterested)
You fail to use your ability.
The yak barely misses you.
Press: ? - help, Dir - move target, f/p - yak Heal: a yak (lightly wounded, uninterested)
The yak would be completely unfazed by your meagre offer of peace.
Press: ? - help, Dir - move target, f/p - yak Heal: a yak (lightly wounded, uninterested)
The yak would be completely unfazed by your meagre offer of peace.
Press: ? - help, Dir - move target, f/p - yak Heal: a yak (lightly wounded, uninterested)
The yak would be completely unfazed by your meagre offer of peace.
The yak attacks as you move away! The yak gores you!
Press: ? - help, Dir - move target, f/p - yak Heal: a yak (lightly wounded, uninterested)
You fail to use your ability.
The yak gores you!
Ouch! That really hurt!
You die...

#.##......#.# ...
#......#.#####
......##...#.....#
....#.##########.#
....#.# #.# ...
...#.## #.# ...
####.#. #.#
.....#.### #Y#
.........###@#
.........##.#
≈.≈.....#.#
≈###+#≈......#
#≈≈≈≈≈≈..#.###
#≈.>≈#≈≈≈<.#
≈≈._≈≈≈≈≈.##
#≈≈≈≈≈....#
#≈#≈#...##


You could see a yak.

Vanquished Creatures
  Jessica (D:2)
  Terence (D:2)
  Robin (D:2)
  2 adders (D:3)
  3 worms
  2 dart slugs (D:1)
  4 orcs (D:4)
  5 ball pythons
  5 endoplasms
  7 giant cockroaches
  17 goblins
  11 hobgoblins
  3 jackals (D:1)
  3 kobolds
  5 quokkas
  2 bats
  4 frilled lizards
  6 rats
82 creatures vanquished.

Vanquished Creatures (collateral kills)
  11 foxfires (D:1)
11 creatures vanquished.

Vanquished Creatures (others)
  330 foxfires
  2 plants (D:1)
332 creatures vanquished.

Grand Total: 425 creatures vanquished

Notes
Turn   | Place    | Note
-------+----------+-------------------------------------------
     0 | D:1      | Hubjo the Deep Elf Fire Elementalist began the quest for
                  | the Orb.
     0 | D:1      | Reached XP level 1. HP: 10/10 MP: 6/6
   346 | D:1      | Reached XP level 2. HP: 12/15 MP: 2/8
  1147 | D:1      | Found a faded altar of an unknown god.
  1161 | D:1      | Prayed at the altar of an unknown god.
  1161 | D:1      | Became a worshipper of Elyvilon the Healer
  1161 | D:1      | Reached * piety under Elyvilon
  1318 | D:1      | Reached XP level 3. HP: 11/20 MP: 0/9
  1864 | D:2      | Noticed Jessica
  1876 | D:2      | Killed Jessica
  1877 | D:2      | Reached skill level 1 in Fighting
  2112 | D:2      | Noticed Terence
  2135 | D:2      | Killed Terence
  2136 | D:2      | Reached XP level 4. HP: 9/25 MP: 6/11
  2551 | D:2      | Reached ** piety under Elyvilon
  3035 | D:2      | Noticed Robin
  3075 | D:2      | Killed Robin
  3421 | D:2      | Reached XP level 5. HP: 29/30 MP: 13/13
  3752 | D:2      | Learned a level 4 spell: Flame Wave
  4857 | D:4      | Found a stormy altar of Qazlal.
  4889 | D:4      | Reached *** piety under Elyvilon
  4916 | D:4      | Noticed a yak
  4937 | D:4      | Slain by a yak

Illustrated notes

Levels and vault maps discovered:
D:1:      saegor_arrival_simple_e, layout_basic, basic_ecumenical_altar,
          serial_forest, infiniplex_forest_corner_2, infiniplex_forest_lined_1,
          infiniplex_forest_lined_room_2, infiniplex_forest_zigzag_1,
          infiniplex_forest_clump_curved, infiniplex_forest_lined_2,
          infiniplex_forest_lined_room_2, infiniplex_forest_side_room
D:2:      minmay_wonky_spiral, layout_loops_corners, nrook_campfire,
          minmay_misc_feat_diagonals, corexii_leaking_fountain,
          kennysheep_generic_room_16, uniq_jessica, uniq_robin, uniq_terence
D:3:      layout_loops_ring
D:4:      layout_basic, grunt_temple_overflow_order_and_chaos_1,
          vehumet_altar_wand_db, nicolae_qazlal_general_emergency, minmay_puff,
          uniq_grinder

Skill      XL: |  1  2  3  4  5 |
---------------+----------------+-----
Stealth        | 3 |  3.9
Fighting       | 1 2 |  2.1
Spellcasting   | 4 |  4.3
Fire Magic     | 4 |  4.3
Dodging        | |  2.7
Conjurations   | |  1.4

Action                   |  1- 3 |  4- 6 || total
-------------------------+-------+-------++-------
Melee: Unarmed           |     5 |       ||     5
       Short sword       |    18 |    53 ||    71
       Punch             |     1 |       ||     1
 Cast: Foxfire           |   125 |   116 ||   241
       Flame Wave        |       |     1 ||     1
  Use: Potion            |     3 |       ||     3
       Scroll            |       |     4 ||     4
 Stab: Sleeping          |     1 |     6 ||     7
Armor: Robe              |     7 |    10 ||    17
Dodge: Dodged            |    27 |    38 ||    65

Table legend: (Time is in decaauts)
 A = Elapsed time spent in this place.
 B = Non-inter-level travel time spent in this place.
 C = Inter-level travel time spent in this place.
 D = Time resting spent in this place.
 E = Time spent auto-exploring this place.
 F = Levels seen in this place.
 G = Mean time per level.
                   A        B        C        D        E       F      G
               +--------+--------+--------+--------+--------+-----+--------+
         Total |   4941 |   4796 |    145 |      0 |   4114 |   4 | 1235.2 |
       Dungeon |   4941 |   4796 |    145 |      0 |   4114 |   4 | 1235.2 |
               +--------+--------+--------+--------+--------+-----+--------+

Top non-repeatable levels by time:
     D:2: 2107 daAuts
     D:1: 1777 daAuts
     D:3: 975 daAuts
     D:4: 81 daAuts
